 Dungeon Crawl Stone Soup version 0.16-a0-269-gd5b6136 (webtiles) character file.

171 Johnny the Charmwright (level 5, -6/41 HPs)
             Began as a Demigod Skald on Aug 25, 2014.
             Mangled by an orc
             ... wielding a +0 mace
              (9 damage)
             ... on Level 3 of the Dungeon.
             The game lasted 00:11:39 (4510 turns).

Johnny the Charmwright (Demigod Skald)              Turns: 4510, Time: 00:11:40

HP  -6/41        AC  4     Str 17      XL: 5   Next:  5%
MP  10/12        EV 12     Int 17      God:
Gold 143         SH  0     Dex 15      Spells:  3 memorised,  3 levels left

rFire  + . .     SeeInvis .     a - +0 short sword
rCold  + . .     Clarity  .     b - +0 leather armour
rNeg   . . .     rCorr    +     (no shield)
rPois  +         rRot     .     o - +0 helmet
rElec  +         Spirit   .     (no cloak)
SustAb .         Warding  .     (no gloves)
rMut   .         Stasis   .     (no boots)
Gourm  .                        (no amulet)
MR     .....                    n - ring of wizardry
                                g - ring of wizardry

@: resistant, not resistant to hostile enchantments, very unstealthy
A: electricity resistance
a: no special abilities


You were on level 3 of the Dungeon.
You were not hungry.

You visited 1 branch of the dungeon, and saw 3 of its levels.

You collected 143 gold pieces.

Inventory:

Hand weapons
 a - a +0 short sword (weapon)
Armour
 b - a +0 leather armour (worn)
 o - a +0 helmet (worn)
Comestibles
 h - a meat ration
 q - a slice of pizza
Scrolls
 d - 4 scrolls of identify {unknown}
 i - a scroll of blinking {unknown}
 l - a scroll of fog {unknown}
 p - a scroll of fear {unknown}
 r - a scroll of remove curse {unknown}
Jewellery
 g - a ring of wizardry (left hand)
 n - a ring of wizardry (right hand)
Potions
 f - a potion of curing
 k - a potion of degeneration {unknown}
 m - a potion of confusion {unknown}
Books
 c - a book of Battle

   Spells                             Type                      Level
   *Infusion                          Charms                       1
   *Shroud of Golubria                Charms/Translocation         2
   Song of Slaying                    Charms                       2
   Spectral Weapon                    Hexes/Charms                 3
   Regeneration                       Charms/Necromancy            3
 j - a book of Spatial Translocations

   Spells                             Type                      Level
   Apportation                        Translocation                1
   *Blink                             Translocation                2
   *Shroud of Golubria                Charms/Translocation         2
   Portal Projectile                  Translocation                3
   Teleport Other                     Translocation                3
   Passage of Golubria                Translocation                4


   Skills:
 + Level 2.2 Fighting
 + Level 2.2 Short Blades
 + Level 1.8 Armour
 + Level 2.4 Dodging
 + Level 0.6 Stealth
 + Level 2.3 Spellcasting
 + Level 3.2 Charms
 + Level 0.6 Translocations


You had 3 spell levels left.
You knew the following spells:

 Your Spells              Type           Power        Failure   Level  Hunger
a - Infusion              Chrm           ##....       1%          1    #......
b - Shroud of Golubria    Chrm/Tloc      #.........   4%          2    ##.....
c - Blink                 Tloc           N/A          7%          2    ##.....


Dungeon Overview and Level Annotations

Branches:
Dungeon (3/15)


Innate Abilities, Weirdness & Mutations

You are resistant to electric shocks.


Message History

The orc priest invokes the aid of Beogh against you.
Something smites you!
Your memorisation is interrupted.
Drink which item? (? for menu, Esc to quit)
You feel protected.
The orc priest mumbles some strange prayers to Beogh against you.
Something smites you!
* * * LOW HITPOINT WARNING * * *
Read which item? (? for menu, Esc to quit)
As you read the scroll labeled GUUBIAGEFU, it crumbles to dust.
You smell tea.
It was a scroll of random uselessness.
The orc priest hits you with a flail.
* * * LOW HITPOINT WARNING * * *
Read which item? (? for menu, Esc to quit)
Okay, then.
Casting: Infusion
Confirm with . or Enter, or press ? or * to list all spells.
You blink.
An orc wizard comes into view. It is wielding a dagger.
The orc hits you with a mace!
You die...

..# #.# #.# # #.# #.. #
#.# #o# # ..# #.# #.#
#o# #.# #.# #.# ###@###
#########.# #§oo).# ..#
.......##.####.....##..#
######.....%.......##..#
####.#............#
#.#.##.........###
#.#.####.###.#(..#
#.#.####.###.#...#
#........##......#


You could see 2 orc priests, an orc wizard and an orc.

Vanquished Creatures
  An orc priest (D:3)
  Ijyb (D:2)
  7 adders
  A worm (D:2)
  A giant gecko (D:1)
  An ooze (D:1)
  2 ball pythons
  7 goblins
  9 hobgoblins
  4 kobolds
  2 quokkas
  7 bats
  A giant cockroach (D:3)
  3 giant newts (D:2)
  2 jackals (D:2)
  10 rats
59 creatures vanquished.

Notes
Turn   | Place    | Note
--------------------------------------------------------------
     0 | D:1      | Johnny, the Demigod Skald, began the quest for the Orb.
     0 | D:1      | Reached XP level 1. HP: 17/17 MP: 3/3
   580 | D:1      | Reached skill level 3 in Charms
   586 | D:1      | Reached skill level 1 in Dodging
   586 | D:1      | Reached XP level 2. HP: 8/24 MP: 0/4
  1039 | D:2      | Reached skill level 1 in Armour
  1459 | D:2      | Reached XP level 3. HP: 24/29 MP: 0/7
  2154 | D:2      | Learned a level 2 spell: Shroud of Golubria
  2157 | D:2      | Learned a level 2 spell: Blink
  2174 | D:2      | Noticed Ijyb
  2203 | D:2      | Killed Ijyb
  2526 | D:2      | Reached XP level 4. HP: 16/36 MP: 0/10
  3178 | D:3      | Gained mutation: You have supernaturally acute eyesight. [potion of mutation]
  3178 | D:3      | Lost mutation: You have supernaturally acute eyesight. [potion of mutation]
  3178 | D:3      | Gained mutation: You are resistant to electric shocks. [potion of mutation]
  3717 | D:3      | Noticed an ogre
  4263 | D:3      | Reached XP level 5. HP: 12/41 MP: 7/12
  4510 | D:3      | Mangled by an orc

Action                   |  1- 3 |  4- 6 || total
-------------------------+-------+-------++-------
Melee: Short sword       |   143 |   100 ||   243
 Cast: Infusion          |    16 |     7 ||    23
       Shroud of Golubri |     2 |     2 ||     4
       Blink             |       |     4 ||     4
  Use: Potion            |       |     5 ||     5
       Scroll            |       |     1 ||     1
  Eat: Bread ration      |     1 |       ||     1
       Chunk             |     1 |     2 ||     3
       Meat ration       |       |     1 ||     1
